 Dungeon Crawl Stone Soup version 0.31-a0-986-g5e6e4ef867 (webtiles) character file.

Game seed: 16102076735157358953

10709 Pooter the Cleaver (level 11, 0/101 HPs)
             Began as a Minotaur Berserker on Nov 4, 2023.
             Was a Priest of Trog.
             Killed from afar by a raiju (3 damage)
             ... with a living lightning
             ... on level 2 of the Abyss on Nov 5, 2023.
             The game lasted 00:59:12 (11852 turns).

Pooter the Cleaver (Minotaur Berserker)            Turns: 11852, Time: 00:59:13

Health: 0/101      AC: 16    Str: 25    XL:     11   Next: 39%
Magic:  10/10      EV:  7    Int: 10    God:    Trog [***...]
Gold:   128        SH:  0    Dex: 14    Spells: 10/10 levels left

rFire   . . .        a - +3 executioner's axe (elec)
rCold   + . .        (shield currently unavailable)
rNeg    . . .        A - +2 plate armour
rPois   .            (helmet restricted)
rElec   +            (no cloak)
rCorr   .            (no gloves)
SInv    +            c - +2 pair of boots {rampage}
Will    ++...        (no amulet) Stlth
                     S - ring of see invisible
HPRegen 1.00/turn    I - ring of Temptation {Fly rElec rC+ Int+6 Dex+3}
MPRegen 0.12/turn

%: rampage
@: mighty, strong-willed (expiring), on berserk cooldown, sick, flying,
regenerating (expiring), slowed, very slow
A: horns 2, retaliatory headbutt
a: Renounce Religion, Berserk, Trog's Hand


You were on level 2 of the Abyss.
You worshipped Trog.
Trog was most pleased with you.
You visited 2 branches of the dungeon, and saw 11 of its levels.
You visited the Abyss 1 time.
You also visited: Sewer.

You collected 590 gold pieces.
You spent 462 gold pieces at shops.

Inventory:

Hand Weapons
 a - a +3 executioner's axe of electrocution (weapon)
   (You acquired it on level 10 of the Dungeon)
 b - a +8 antimagic longbow
   (You acquired it on level 10 of the Dungeon)
 v - a +3 long sword of holy wrath
   (You took it off an orc warrior on level 9 of the Dungeon)
 y - the +5 trident of Laifa {heavy, +Blink rF+ rC++ Int+3}
   (You found it on level 10 of the Dungeon)

   Int+3:     It affects your intelligence (+3).
   rF+:       It protects you from fire.
   rC++:      It greatly protects you from cold.
   +Blink:    It lets you blink.
 B - a +0 dire flail
   (You took it off a two-headed ogre on level 10 of the Dungeon)
 E - a +2 trident of venom
   (You found it on level 8 of the Dungeon)
 N - a +0 orcbow
   (You took it off a centaur on level 7 of the Dungeon)
Missiles
 j - 17 boomerangs (quivered)
 u - 6 javelins
 w - 2 throwing nets {!f}
 z - 30 poisoned darts
 M - 2 curare-tipped darts
 Q - 81 stones
Armour
 c - a +2 pair of boots of rampaging (worn)
   (You found it on level 1 of the Dungeon)
 A - a +2 plate armour (worn)
   (You took it off an orc warrior on level 8 of the Dungeon)
Jewellery
 F - a ring of protection from fire
   (You found it on level 10 of the Dungeon)
 I - the ring of Temptation (right hand) {Fly rElec rC+ Int+6 Dex+3}
   (You acquired it on level 10 of the Dungeon)

   [ring of intelligence]

   Int+6:     It affects your intelligence (+6).
   Dex+3:     It affects your dexterity (+3).
   rC+:       It protects you from cold.
   rElec:     It insulates you from electricity.
   Fly:       It grants you flight.
 S - a ring of see invisible (left hand)
   (You bought it in a shop on level 7 of the Dungeon)
Wands
 d - a wand of iceblast (10)
   (You found it on level 8 of the Dungeon)
 i - a wand of charming (2)
   (You found it on level 10 of the Dungeon)
 r - a wand of light (6)
   (You found it on level 2 of the Dungeon)
 t - a wand of flame (6)
   (You found it on level 10 of the Dungeon)
 O - a wand of polymorph (9)
   (You found it on level 9 of the Dungeon)
Scrolls
 f - 4 scrolls of teleportation {@r4}
 h - 2 scrolls of noise {!r}
 q - a scroll of silence
 G - 2 scrolls of fear
 H - 2 scrolls of immolation {!r}
Potions
 e - 2 potions of enlightenment
 g - 2 potions of mutation {unknown}
 k - 2 potions of might
 l - 2 potions of attraction {unknown}
 m - 2 potions of ambrosia {unknown}
 n - 2 potions of resistance {unknown}
 o - a potion of heal wounds {@q2}
 p - a potion of cancellation {unknown}
 s - a potion of haste {unknown}
 x - a potion of curing {@q1}
 C - 2 potions of invisibility {unknown}
 L - a potion of lignification {unknown}
Miscellaneous
 J - a phantom mirror
   (You found it on level 10 of the Dungeon)


   Skills:
 + Level 10.3 Fighting
 * Level 14.0 Axes
 * Level 12.2 Ranged Weapons
 - Level 2.4 Armour
 - Level 2.1 Dodging
 + Level 2.3 Evocations


You had 10 spell levels left.
You didn't know any spells.
Your spell library was empty.

Dungeon Overview and Level Annotations

Branches:
Dungeon (10/15) Zot: 25862  Temple (0/1) D:6            Lair (0/5) D:10
    Orc (1/2) D:9 Zot: 5557   Sewer (visited)

Altars:
Dithmenos
Gozag
Kikubaaqudgha
Ru
Uskayaw
Vehumet
Wu Jian
The Shining One

Shops:
D:1 =   D:5 *   D:7 =   Orc:1 =*

Annotations:
D:2 1 runed translucent door, Crazy Yiuf


Innate Abilities, Weirdness & Mutations

You have a pair of horns on your head.
You reflexively headbutt those who attack you in melee.


Message History

The living lightning hits the raiju.
The raiju completely resists.
The living lightning hits the ynoxinul.
The ynoxinul resists.
The living lightning hits you. You resist.
* * * LOW HITPOINT WARNING * * *
The raiju blinks!
The raiju bursts into living lightning!
The living lightning misses the ynoxinul.
The living lightning hits you. You resist.
* * * LOW HITPOINT WARNING * * *
The raiju blinks!
The ynoxinul hits you.
* * * LOW HITPOINT WARNING * * *
The raiju barks!
You barely miss the ynoxinul. You slice the raiju!! You closely miss the raiju.
The raiju bites you!
* * * LOW HITPOINT WARNING * * *
The raiju shocks you. You resist.
* * * LOW HITPOINT WARNING * * *
The raiju bites you.
* * * LOW HITPOINT WARNING * * *
The raiju shocks you. You resist.
* * * LOW HITPOINT WARNING * * *
The ynoxinul gestures.
The raiju bites you but does no damage. The raiju barely misses you.
The ynoxinul hits you but does no damage.
You slash the ynoxinul! You headbutt the ynoxinul! You closely miss the raiju.
You slash the raiju!
The raiju bursts into living lightning!
The living lightning hits you. You resist.
* * * LOW HITPOINT WARNING * * *
The raiju blinks!
The raiju bites you.
* * * LOW HITPOINT WARNING * * *
The raiju shocks you. You resist.
* * * LOW HITPOINT WARNING * * *
The ynoxinul gestures at you. The iron shot hits you!
* * * LOW HITPOINT WARNING * * *
The raiju bites you but does no damage.
The raiju bursts into living lightning!
The living lightning misses you.
The living lightning hits the ynoxinul.
The ynoxinul resists.
The raiju blinks! x2
Unknown command.
You barely miss the ynoxinul. You hit the raiju. You closely miss the raiju.
You feel the effects of Trog's Hand fading.
The ynoxinul barely misses you. The raiju bites you!
* * * LOW HITPOINT WARNING * * *
The raiju shocks you. You resist.
* * * LOW HITPOINT WARNING * * *
The raiju bursts into living lightning!
The living lightning hits you. You resist.
You die...

## . ## . # ##
#. .# ..## #..
. .##.#.
...#.##... .
#.##..#..#. #
#.. ...##..#
##...#h.#h5#
#..#.h@3#h###.#
. . #...#55....
##.
#....#.##.#...
# #......#
#.##.##.# ..#
##.... #.# #.3#
.# #... .##.


You could see 3 raiju, a ynoxinul and 3 ufetubi.

Vanquished Creatures
  2 two-headed ogres (D:10)
  An occultist (Abyss:2)
  A flayed ghost (Abyss:2)
  A hellion (Abyss:2)
  2 kobold demonologists
  An unseen horror (D:5)
  A merfolk (D:10)
  A troll (D:9)
  3 flying skulls (Abyss:2)
  A wraith (D:10)
  12 yaks (D:9)
  2 steam dragons
  A warg (D:8)
  4 water moccasins
  2 black bears
  3 ice beasts
  6 orc warriors
  4 centaurs
  An ogre (D:5)
  7 kobold brigands
  2 bullfrogs
  A scorpion (D:4)
  2 gnoll sergeants
  3 wights (D:6)
  6 killer bees (D:8)
  A howler monkey (D:9)
  An electric eel (D:7)
  3 hounds
  7 orc priests
  A jelly (D:4)
  2 sleepcaps
  Jessica (D:2)
  A hell rat (Sewer)
  2 iguanas
  13 orc wizards
  A statue (D:5)
  10 adders
  15 gnolls
  4 river rats
  2 white imps (D:6)
  4 ufetubi
  2 worms (D:4)
  A dart slug (D:2)
  31 orcs
  6 bats
  4 endoplasms
  4 giant cockroaches
  7 goblins
  7 hobgoblins
  6 jackals (D:1)
  A quokka (D:1)
  3 ball pythons
  3 frilled lizards
  23 kobolds
  10 rats
246 creatures vanquished.

Vanquished Creatures (others)
  An orc (D:9)
1 creature vanquished.

Grand Total: 247 creatures vanquished

Notes
Turn   | Place    | Note
-------+----------+-------------------------------------------
     0 | D:1      | Pooter the Minotaur Berserker began the quest for the Orb.
     0 | D:1      | Reached XP level 1. HP: 19/19 MP: 0/0
    44 | D:1      | Reached skill level 4 in Axes
    99 | D:1      | Reached XP level 2. HP: 27/27 MP: 1/1
   266 | D:1      | Found Coipediv's Jewellery Boutique.
   694 | D:2      | Reached XP level 3. HP: 31/33 MP: 2/2
   770 | D:2      | Reached skill level 1 in Ranged Weapons
   820 | D:2      | Reached ** piety under Trog
   896 | D:2      | Found a runed translucent door.
   897 | D:2      | Noticed Crazy Yiuf
  1018 | D:2      | Noticed Jessica
  1025 | D:2      | Killed Jessica
  1026 | D:2      | Reached skill level 5 in Axes
  1026 | D:2      | Reached XP level 4. HP: 41/41 MP: 3/3
  1360 | D:3      | Found an ornate altar of the Wu Jian Council.
  1636 | D:3      | Reached XP level 5. HP: 44/47 MP: 4/4
  2303 | D:4      | Found a glowing drain.
  2307 | Sewer    | Entered a sewer
  2481 | Sewer    | Reached skill level 6 in Axes
  2546 | D:4      | Reached skill level 5 in Fighting
  2546 | D:4      | Reached XP level 6. HP: 56/56 MP: 5/5
  2635 | D:4      | Reached *** piety under Trog
  2990 | D:5      | Entered Level 5 of the Dungeon
  2990 | D:5      | Found Wihyapt's General Store.
  2994 | D:5      | Reached skill level 7 in Axes
  2994 | D:5      | Reached XP level 7. HP: 51/61 MP: 6/6
  3073 | D:5      | Bought a scroll of enchant weapon for 90 gold pieces
  3152 | D:5      | Reached skill level 5 in Ranged Weapons
  3423 | D:5      | Found a radiant altar of Vehumet.
  3893 | D:5      | Reached skill level 8 in Axes
  4000 | D:6      | Reached XP level 8. HP: 70/70 MP: 7/7
  4000 | D:6      | Found an ancient bone altar of Kikubaaqudgha.
  4114 | D:6      | Found a staircase to the Ecumenical Temple.
  4411 | D:6      | Noticed a kobold demonologist
  4496 | D:5      | Killed an unseen horror
  4536 | D:6      | Killed a kobold demonologist
  4537 | D:6      | Reached skill level 9 in Axes
  5171 | D:7      | Found Oceny's Jewellery Shoppe.
  5241 | D:7      | Reached XP level 9. HP: 72/79 MP: 8/8
  5404 | D:7      | Reached skill level 10 in Axes
  5990 | D:7      | Found a hide-covered altar of Uskayaw.
  6250 | D:7      | Found a glowing golden altar of the Shining One.
  6255 | D:7      | Found an opulent altar of Gozag.
  7182 | D:8      | HP: 4/81 [poisoned by a killer bee]
  7299 | D:8      | Reached skill level 11 in Axes
  8533 | D:9      | Reached XP level 10. HP: 90/90 MP: 9/9
  8620 | D:9      | Found a staircase to the Orcish Mines.
  8731 | D:9      | Reached skill level 10 in Ranged Weapons
  8736 | D:9      | Reached skill level 12 in Axes
  9362 | D:7      | Bought a ring of see invisible for 240 gold pieces
 10129 | D:13     | Identified the "Piskics"
 10129 | Orc:1    | Entered Level 1 of the Orcish Mines
 10446 | Orc:1    | Found Myops's Assorted Antiques.
 10460 | Orc:1    | Bought a scroll labelled OLE TU EWYONI for 34 gold pieces
 10460 | Orc:1    | Bought an inky potion for 30 gold pieces
 10460 | Orc:1    | Bought a scroll of identify for 68 gold pieces
 10539 | Orc:1    | Noticed an orc warlord
 10544 | Orc:1    | Found Cog Adeg's Jewellery Boutique.
 10588 | D:10     | Entered Level 10 of the Dungeon
 10792 | D:10     | Found a staircase to the Lair.
 10823 | D:10     | Noticed an orange demon
 10827 | D:10     | Reached skill level 13 in Axes
 10883 | D:10     | Found a shadowy altar of Dithmenos.
 11037 | D:10     | Noticed a two-headed ogre
 11047 | D:10     | Killed a two-headed ogre
 11105 | D:10     | Identified 3 scrolls of acquirement
 11105 | D:10     | Acquired the ring of Temptation {Fly rElec rC+ Int+6 Dex+3}
 11109 | D:10     | Acquired a +3 executioner's axe of electrocution
 11111 | D:10     | Acquired a +8 antimagic longbow
 11330 | D:10     | Noticed a two-headed ogre
 11336 | D:10     | Killed a two-headed ogre
 11337 | D:10     | Reached skill level 1 in Evocations
 11337 | D:10     | Reached XP level 11. HP: 68/99 MP: 3/10
 11534 | D:10     | Reached skill level 10 in Fighting
 11619 | D:10     | Found a sacrificial altar of Ru.
 11625 | D:10     | Identified the +5 trident of Laifa {heavy, +Blink rF+ rC++
                  | Int+3}
 11697 | Abyss:2  | Found a corrupted altar of Lugonu.
 11697 | Abyss:2  | Cast into level 2 of the Abyss (orc warlord)
 11765 | Abyss:2  | Noticed an occultist
 11769 | Abyss:2  | Killed an occultist
 11770 | Abyss:2  | Noticed a flayed ghost
 11778 | Abyss:2  | Killed a flayed ghost
 11805 | Abyss:2  | Noticed a rakshasa
 11828 | Abyss:2  | Reached skill level 14 in Axes
 11852 | Abyss:2  | HP: 3/101 [raiju (3)]
 11852 | Abyss:2  | Killed from afar by a raiju

Illustrated notes

Levels and vault maps discovered:
D:1:      nzn_arrival_crosshair, layout_loops_ring, serial_shops, shop
D:2:      layout_rooms, kennysheep_crisscross, uniq_crazy_yiuf_cottage,
          uniq_jessica
D:3:      layout_basic, pdpol_wu_jian_five_deadly_venoms
D:4:      layout_rooms, gup_sewer_entry_bowl
D:5:      black_bear_nest_1, layout_gridville, vehumet_statue, serial_shops,
          shop
D:6:      layout_basic, kiku_gazebo_garden_becter, minmay_temple_entry_tees
D:7:      layout_loops_ring, minitemple, serial_shops, nicolae_shop_peninsula,
          kennysheep_cross_room
D:8:      layout_basic
D:9:      layout_gridville, david_orc_3
D:10:     layout_rooms, nicolae_dithmenos_shadow_blocks, dpeg_oklobed_lair,
          roadster_trireme
Orc:1:    layout_caves, serial_shops, nicolae_shop_competitors_out_of_business,
          nicolae_shop_trees, nicolae_orc_stony_grotto, mines5_lemuel
Abyss:2:  base: Lair:1, base:
Lair:1

Skill      XL: |  1  2  3  4  5  6  7  8  9 10 11 |
---------------+----------------------------------+-----
Axes           | 4 5 6 7 8 9 11 13 14 | 14.0
Fighting       | 4 5 6 7 8 9 10 | 10.3
Ranged Weapons | 1 2 3 4 6 7 9 11 12 | 12.2
Evocations     | 1 2 |  2.3
Armour         | |  2.4
Dodging        | |  2.1

Action                     |  1- 3 |  4- 6 |  7- 9 | 10-12 || total
---------------------------+-------+-------+-------+-------++-------
  Melee: Hand axe          |    36 |       |       |       ||    36
         Dagger            |    26 |       |       |       ||    26
         Headbutt          |     6 |    19 |    33 |    38 ||    96
         Punch             |     2 |     2 |     3 |       ||     7
         Spear             |     3 |   110 |       |       ||   113
         War axe           |       |    35 |   192 |    13 ||   240
         Battleaxe         |       |       |       |   111 ||   111
         Executioner's axe |       |       |       |    57 ||    57
   Fire: Sling             |    33 |    11 |     4 |       ||    48
         Orcbow            |       |       |    58 |    38 ||    96
         Longbow           |       |       |       |     6 ||     6
  Throw: Stone             |       |     9 |       |       ||     9
         Boomerang         |       |       |     1 |       ||     1
         Dart              |       |       |       |     1 ||     1
 Invoke: Berserk           |       |     2 |    13 |     7 ||    22
         Trog's Hand       |       |     1 |    11 |     7 ||    19
  Evoke: Wand              |       |       |     6 |     1 ||     7
    Use: Scroll            |     1 |     3 |     9 |     9 ||    22
         Potion            |       |       |     1 |     6 ||     7
   Stab: Sleeping          |       |     2 |       |       ||     2
         Invisible         |       |       |     2 |       ||     2
 Armour: Animal skin       |    43 |    52 |       |       ||    95
         Scale mail        |       |     1 |   183 |       ||   184
         Skin              |       |       |    45 |     3 ||    48
         Plate armour      |       |       |       |   220 ||   220
  Dodge: Dodged            |    47 |    65 |    97 |    73 ||   282

Table legend: (Time is in decaauts)
 A = Elapsed time spent in this place.
 B = Non-inter-level travel time spent in this place.
 C = Inter-level travel time spent in this place.
 D = Time resting spent in this place.
 E = Time spent auto-exploring this place.
 F = Levels seen in this place.
 G = Mean time per level.
                   A        B        C        D        E       F      G
               +--------+--------+--------+--------+--------+-----+--------+
         Total |  12112 |  11616 |    496 |   3974 |   5646 |  13 |  931.7 |
       Dungeon |  11281 |  10785 |    496 |   3417 |   5602 |  10 | 1128.1 |
  Orcish Mines |    442 |    442 |      0 |    345 |      0 |   1 |  442.0 |
         Abyss |    177 |    177 |      0 |    114 |      0 |   1 |  177.0 |
         Sewer |    210 |    210 |      0 |     97 |     44 |   1 |  210.0 |
               +--------+--------+--------+--------+--------+-----+--------+

Top non-repeatable levels by time:
     D:8: 2079 daAuts
     D:9: 1562 daAuts
     D:7: 1524 daAuts
     D:5: 1200 daAuts
    D:10: 1095 daAuts
     D:3: 1077 daAuts
     D:6: 992 daAuts
     D:1: 688 daAuts
     D:4: 569 daAuts
     D:2: 492 daAuts
   Orc:1: 442 daAuts
   Sewer: 210 daAuts
 Abyss:2: 177 daAuts
